 Dungeon Crawl Stone Soup version 0.23-a0-556-g351818a (webtiles) character file.

154 Geeful the Sneak (level 5, 0/31 HPs)
             Began as an Octopode Earth Elementalist on Dec 9, 2018.
             Succumbed to a kobold's poison
             ... on level 3 of the Dungeon on Dec 10, 2018.
             The game lasted 00:08:38 (2752 turns).

Geeful the Sneak (Octopode Earth Elementalist)      Turns: 2752, Time: 00:08:38

Health: 0/31       AC:  1    Str:  7    XL:     5   Next: 35%
Magic:  15/18      EV: 14    Int: 19    God:
Gold:   71         SH:  0    Dex: 12    Spells: 4/10 levels left

rFire    . . .     SeeInvis +   i - +3 short sword
rCold    . . .     Gourm    .   (no shield)
rNeg     . . .     Faith    .   (helmet restricted)
rPois    .         Spirit   .   (no amulet)
rElec    .         Reflect  .   a - ring of magical power
rCorr    .         Harm     .   h - ring of see invisible
MR       .....                  (no ring)
Stlth    ++++......             (no ring)
HPRegen  0.10/turn              (no ring)
MPRegen  0.16/turn              (no ring)
                                (no ring)
                                (no ring)

@: lethally poisoned (0 -> -6)
A: almost no armour, stealthy swim, amphibious, 8 rings, constrict 8, camouflage
1, gelatinous body 1
a: no special abilities


You were on level 3 of the Dungeon.
You were not hungry.

You visited 1 branch of the dungeon, and saw 3 of its levels.

You collected 71 gold pieces.

Inventory:

Hand Weapons
 g - a +1 short sword
 i - a +3 short sword (weapon)
Missiles
 b - 86 stones (quivered)
 e - 46 poisoned needles
Jewellery
 a - a ring of magical power (left tentacle)
 h - a ring of see invisible (right tentacle)
Potions
 m - a potion of brilliance
Comestibles
 c - 6 rations


   Skills:
 + Level 3.1 Dodging
 + Level 4.4 Stealth
 + Level 3.0 Spellcasting
 - Level 1.0 Transmutations
 + Level 3.9 Earth Magic


You had 4 spell levels left.
You knew the following spells:

 Your Spells              Type           Power        Failure   Level  Hunger
a - Sandblast             Erth           ###...       3%          1    None
b - Passwall              Tmut/Erth      ##......     9%          2    ##.....
c - Stone Arrow           Conj/Erth      ##....       21%         3    ###....

Your spell library contained the following spells:

 Spells                   Type           Power        Failure   Level  Hunger
 Petrify                  Tmut/Erth      ##......     50%         4    ####...
 Lee's Rapid Deconstruct  Erth           ###.......   65%         5    ######.


Dungeon Overview and Level Annotations

Branches:
Dungeon (3/15)

Altars:


Innate Abilities, Weirdness & Mutations

You cannot wear most types of armour.
You are very stealthy in the water. (Stealth+)
You are amphibious.
You can wear up to eight rings at the same time.
You can use your tentacles to constrict eight enemies at once.
Your skin changes colour to match your surroundings (Stealth+).
Your rubbery body absorbs attacks. (AC +1, EV +1)


Message History

Aiming: Sandblast (safe; 3% risk of failure)
Press: ? - help, Shift-Dir - straight line, f/p - orc
Aim: an orc, wearing a +0 chain mail (almost dead, constricted by you)
The blast of sand hits the orc.
The orc is almost dead.
b - 86 stones You constrict the orc.
You kill the orc!
* * * LOW HITPOINT WARNING * * *
You feel sick.
The kobold shoots a poisoned needle.
The poisoned needle closely misses you.
* * * LOW HITPOINT WARNING * * *
You feel sick.
Things that are here:
a +0 chain mail; an orc corpse
* * * LOW HITPOINT WARNING * * *
You feel sick.
* * * LOW HITPOINT WARNING * * *
You feel sick.
You die...

# ######.# #...@..#
#.###### #.# #[# #(#
##### #####.## #...
#......###.#
#.###K....รท#
#####.####.##..########


There were no monsters in sight!

Vanquished Creatures
  A crimson imp (D:2)
  An orc priest (D:3)
  5 adders (D:2)
  A dart slug (D:1)
  2 leopard geckos
  2 orcs (D:3)
  5 bats
  3 hobgoblins
  4 kobolds
  A quokka (D:2)
  2 ball pythons
  4 frilled lizards
  6 goblins
  7 rats
44 creatures vanquished.

Notes
Turn   | Place    | Note
-------+----------+-------------------------------------------
     0 | D:1      | Geeful the Octopode Earth Elementalist began the quest for
                  | the Orb.
     0 | D:1      | Reached XP level 1. HP: 11/11 MP: 3/3
   358 | D:1      | Reached skill level 3 in Stealth
   358 | D:1      | Reached XP level 2. HP: 17/17 MP: 5/5
   362 | D:1      | Learned a level 2 spell: Passwall
   481 | D:1      | Upgraded the game from 0.23-a0-550-g7de1f8e to
                  | 0.23-a0-556-g351818a
  1312 | D:2      | Reached XP level 3. HP: 21/21 MP: 6/6
  1317 | D:2      | Learned a level 3 spell: Stone Arrow
  1499 | D:2      | Reached XP level 4. HP: 27/27 MP: 7/7
  2466 | D:3      | Reached skill level 4 in Stealth
  2472 | D:3      | Reached XP level 5. HP: 12/31 MP: 9/9
  2750 | D:3      | HP: 1/31 [poisoned by a kobold]
  2752 | D:3      | Succumbed to a kobold's poison

Vault maps used:
D:1:      ebering_hopf_link
D:2:      minmay_statues_item
D:3:      first_ration, minivault_24, minivault_25, minmay_misc_feat_columns,
          uniq_sigmund

Skill      XL: |  1  2  3  4  5 |
---------------+----------------+-----
Stealth        | 3 4 |  4.4
Dodging        | 3 |  3.1
Spellcasting   | 3 |  3.0
Transmutations | |  1.0
Earth Magic    | |  3.9

Action                   |  1- 3 |  4- 6 || total
-------------------------+-------+-------++-------
Melee: Unarmed           |    38 |       ||    38
       Constrict         |    14 |     7 ||    21
       Tentacles         |     7 |     4 ||    11
       Short sword       |     5 |    41 ||    46
 Cast: Sandblast         |    17 |     5 ||    22
       Stone Arrow       |     1 |     5 ||     6
  Use: Scroll            |     1 |     6 ||     7
       Potion            |       |     1 ||     1
 Stab: Sleeping          |     9 |     8 ||    17
       Distracted        |       |     2 ||     2
  Eat: Chunk             |     2 |     4 ||     6
Armor: Skin              |    15 |     2 ||    17
Dodge: Dodged            |    52 |    28 ||    80

Table legend:
 A = Non-vault XP
 B = Vault XP
 C = Vault XP percentage of total XP
 D = Non-vault monster count
 E = Vault monster count
 F = Vault count percentage of total count
                 A         B        C        D         E       F
            +---------+---------+-------+---------+---------+-------
      Total |     220 |       0 |   0.0 |      44 |       0 |   0.0
            +---------+---------+-------+---------+---------+-------
        D:1 |      31 |       0 |   0.0 |      18 |       0 |   0.0
        D:2 |     136 |       0 |   0.0 |      21 |       0 |   0.0
        D:3 |      53 |       0 |   0.0 |       5 |       0 |   0.0
            +---------+---------+-------+---------+---------+-------
